 Dungeon Crawl Stone Soup version 0.29.1-12-g30fa7ad0bf (webtiles) character file.

Game seed: 2981871101178515016

193 xzight the Grasshopper (level 5, -1/43 HPs)
             Began as a Gnoll Warper on Dec 30, 2022.
             Slain by an orc
             ... wielding a +0 dagger
              (2 damage)
             ... on level 4 of the Dungeon.
             The game lasted 00:04:24 (3794 turns).

xzight the Grasshopper (Gnoll Warper)               Turns: 3794, Time: 00:04:25

Health: -1/43      AC:  5    Str: 10    XL:     5   Next: 72%
Magic:  12/12      EV: 11    Int: 15    God:
Gold:   145        SH:  0    Dex: 11    Spells: 14/14 levels left

rFire   . . .      SeeInvis .   t - +1 flail (drain)
rCold   . . .      Faith    .   (no shield)
rNeg    . . .      Spirit   .   l - +0 ring mail
rPois   .          Reflect  .   (no helmet)
rElec   .          Harm     .   (no cloak)
rCorr   .          Rampage  .   (no gloves)
Will    .....                   (no boots)
Stlth   +.........              (no amulet)
HPRegen 0.14/turn               (no ring)
MPRegen 0.13/turn               (no ring)

@: no status effects
A: fangs 1, strong nose, distributed training
a: no special abilities


You were on level 4 of the Dungeon.
You visited 1 branch of the dungeon, and saw 5 of its levels.

You collected 145 gold pieces.


Innate Abilities, Weirdness & Mutations

You have very sharp teeth.
Your uncanny sense of smell can sniff out nearby items.
Your experience applies equally to all skills.


   Skills:
 + Level 4.9 Fighting
 + Level 1.7 Short Blades
 + Level 1.7 Long Blades
 + Level 1.7 Axes
 + Level 1.7 Maces & Flails
 + Level 4.9 Polearms
 + Level 1.7 Staves
 + Level 1.7 Ranged Weapons
 + Level 3.1 Throwing
 + Level 3.1 Armour
 + Level 4.9 Dodging
 + Level 1.7 Stealth
 + Level 1.7 Shields
 + Level 1.7 Unarmed Combat
 + Level 5.2 Spellcasting
 + Level 1.3 Conjurations
 + Level 1.3 Hexes
 + Level 1.3 Summonings
 + Level 1.3 Necromancy
 + Level 5.6 Translocations
 + Level 1.3 Transmutations
 + Level 1.3 Fire Magic
 + Level 1.3 Ice Magic
 + Level 1.3 Air Magic
 + Level 1.3 Earth Magic
 + Level 1.3 Poison Magic
 + Level 1.9 Invocations
 + Level 1.7 Evocations


You had 14 spell levels left.
You didn't know any spells.
Your spell library contained the following spells:

 Spells                   Type           Power      Damage    Failure   Level
 Blink                    Tloc           40%        N/A       6%          2
 Gell's Gravitas          Tloc           20%        N/A       12%         3
 Lesser Beckoning         Tloc           20%        N/A       12%         3
 Teleport Other           Tloc           20%        N/A       12%         3
 Passage of Golubria      Tloc           20%        N/A       36%         4
 Tukima's Dance           Hex            8%         N/A       54%         3
 Manifold Assault         Tloc           20%        N/A       71%         5
 Animate Dead             Necr           8%         N/A       91%         4
 Leda's Liquefaction      Hex/Erth       4%         N/A       91%         4
 Yara's Violent Unravell  Hex/Tmut       4%         3d4       99%         5

Inventory:

Hand Weapons
 t - a +1 flail of draining (weapon)
Missiles
 d - 7 boomerangs of dispersal (quivered) {=f}
 k - 3 poisoned darts
Armour
 l - a +0 ring mail (worn)
 o - a +0 scale mail
Wands
 r - a wand of mindburst (10)
Scrolls
 c - a scroll of blinking
 e - a scroll of vulnerability {unknown}
 f - 4 scrolls of identify {unknown}
 g - 2 scrolls of teleportation {unknown}
 i - a scroll of butterflies {unknown}
 j - 3 scrolls of amnesia
 n - a scroll of poison {unknown}
 p - a scroll of silence {unknown}
 q - a scroll of enchant armour {unknown}
 s - a scroll of torment {unknown}
Potions
 a - a potion of heal wounds {unknown}
 b - a potion of attraction {unknown}
 h - a potion of curing {unknown}
 m - a potion of resistance {unknown}
 u - a potion of might {unknown}
 v - a potion of degeneration {unknown}

Dungeon Overview and Level Annotations

Branches:
Dungeon (5/15)
 Temple: D:4-7

Altars:
Nemelex Xobeh
Ru

...................#
...................#
........######.....###
#############.........
.........†........ ∆
#........†.......
#................
#...g............
###.)@...........
#.o...#########
...>....# ..###.....#
#.....# #######


You could see an orc and a hobgoblin.


Message History

* * * LOW HITPOINT WARNING * * *
The orc hits you with a +0 dagger.
* * * LOW HITPOINT WARNING * * *
The hobgoblin barely misses you.
You are too injured to fight recklessly!
You are too injured to fight recklessly!
You barely miss the orc priest.
The orc priest is almost dead.
The orc priest hits you with a +0 club.
* * * LOW HITPOINT WARNING * * *
The orc closely misses you.
The hobgoblin hits you but does no damage.
You thump the orc priest!
You kill the orc priest!
The hobgoblin misses you. The orc hits you but does no damage.
The orc barely misses you. The hobgoblin hits you.
* * * LOW HITPOINT WARNING * * *
Your life force feels restored.
You closely miss the orc. Your punch misses the orc. Your bite misses the orc.
The orc barely misses you.
The hobgoblin hits you but does no damage.
You barely miss the orc. The orc hits you but does no damage.
The hobgoblin closely misses you.
You hit the orc.
The orc is heavily wounded.
The hobgoblin hits you but does no damage.
The orc hits you with a +0 dagger.
* * * LOW HITPOINT WARNING * * *
The orc hits you with a +0 dagger.
You die...

Skill      XL: |  1  2  3  4  5 |
---------------+----------------+-----
Spellcasting   | 5 |  5.2
Invocations    | 1 |  1.9
Short Blades   | 1 |  1.7
Long Blades    | 1 |  1.7
Axes           | 1 |  1.7
Maces & Flails | 1 |  1.7
Staves         | 1 |  1.7
Ranged Weapons | 1 |  1.7
Stealth        | 1 |  1.7
Shields        | 1 |  1.7
Unarmed Combat | 1 |  1.7
Evocations     | 1 |  1.7
Conjurations   | 1 |  1.3
Hexes          | 1 |  1.3
Summonings     | 1 |  1.3
Necromancy     | 1 |  1.3
Transmutations | 1 |  1.3
Fire Magic     | 1 |  1.3
Ice Magic      | 1 |  1.3
Air Magic      | 1 |  1.3
Earth Magic    | 1 |  1.3
Poison Magic   | 1 |  1.3
Throwing       | 3 |  3.1
Armour         | 3 |  3.1
Fighting       | |  4.9
Polearms       | |  4.9
Dodging        | |  4.9
Translocations | |  5.6

Action                   |  1- 3 |  4- 6 || total
-------------------------+-------+-------++-------
Melee: Spear             |   155 |     6 ||   161
       Bite              |    13 |    15 ||    28
       Punch             |     1 |     3 ||     4
       Flail             |       |   180 ||   180
  Use: Scroll            |     1 |       ||     1
 Stab: Sleeping          |     1 |       ||     1
Armor: Leather armour    |    11 |       ||    11
       Ring mail         |    25 |    85 ||   110
Dodge: Dodged            |    53 |   153 ||   206

Levels and vault maps discovered:
D:1:      moated_graveyard_arrival, layout_loops_corners
D:2:      minmay_spotlight, layout_basic
D:3:      layout_basic, nemelex_altar_shiori, shapermc_ecumenical_altar_gd
D:4:      layout_basic, nicolae_shop_clearance
D:5:      layout_rooms, overflow_temple_1_default, nicolae_ru_awakened_eye

Notes
Turn   | Place    | Note
-------+----------+-------------------------------------------
     0 | D:1      | xzight the Gnoll Warper began the quest for the Orb.
     0 | D:1      | Reached XP level 1. HP: 20/20 MP: 6/6
    33 | D:1      | Got Deitsatu's Guidebook on Telluric Sinister Arts
    89 | D:1      | Reached XP level 2. HP: 26/26 MP: 7/7
   587 | D:1      | Reached skill level 5 in Spellcasting
   587 | D:1      | Reached XP level 3. HP: 31/31 MP: 7/9
  1162 | D:2      | Reached skill level 1 in Invocations
  1431 | D:2      | Reached skill level 1 in Short Blades
  1431 | D:2      | Reached skill level 1 in Long Blades
  1431 | D:2      | Reached skill level 1 in Axes
  1431 | D:2      | Reached skill level 1 in Maces & Flails
  1431 | D:2      | Reached skill level 1 in Staves
  1431 | D:2      | Reached skill level 1 in Ranged Weapons
  1431 | D:2      | Reached skill level 1 in Stealth
  1431 | D:2      | Reached skill level 1 in Shields
  1431 | D:2      | Reached skill level 1 in Unarmed Combat
  1431 | D:2      | Reached skill level 1 in Evocations
  1664 | D:2      | Reached XP level 4. HP: 27/38 MP: 11/11
  1874 | D:2      | Reached skill level 1 in Conjurations
  1874 | D:2      | Reached skill level 1 in Hexes
  1874 | D:2      | Reached skill level 1 in Summonings
  1874 | D:2      | Reached skill level 1 in Necromancy
  1874 | D:2      | Reached skill level 1 in Transmutations
  1874 | D:2      | Reached skill level 1 in Fire Magic
  1874 | D:2      | Reached skill level 1 in Ice Magic
  1874 | D:2      | Reached skill level 1 in Air Magic
  1874 | D:2      | Reached skill level 1 in Earth Magic
  1874 | D:2      | Reached skill level 1 in Poison Magic
  2854 | D:3      | Reached XP level 5. HP: 30/43 MP: 12/12
  3158 | D:3      | Reached skill level 3 in Throwing
  3158 | D:3      | Reached skill level 3 in Armour
  3506 | D:3      | Found a sparkling altar of Nemelex Xobeh.
  3606 | D:3      | You fall into a shaft and drop 2 floors!
  3606 | D:5      | Entered Level 5 of the Dungeon
  3609 | D:5      | Found a sacrificial altar of Ru.
  3791 | D:4      | HP: 4/42 [hobgoblin (1)]
  3794 | D:4      | HP: 1/43 [orc/+0 dagger (4)]
  3794 | D:4      | Slain by an orc

Vanquished Creatures
  An orc priest (D:4)
  3 gnolls (D:2)
  3 adders
  3 worms
  A dart slug (D:3)
  5 orcs
  11 ball pythons
  7 bats
  7 endoplasms
  3 giant cockroaches
  11 hobgoblins
  6 jackals (D:2)
  6 kobolds
  5 quokkas
  3 frilled lizards
  4 goblins
  7 rats
86 creatures vanquished.

Vanquished Creatures (others)
  2 demonic plants (D:3)
  2 plants (D:3)
  A withered plant (D:3)
5 creatures vanquished.

Grand Total: 91 creatures vanquished

Table legend: (Time is in decaauts)
 A = Elapsed time spent in this place.
 B = Non-inter-level travel time spent in this place.
 C = Inter-level travel time spent in this place.
 D = Time resting spent in this place.
 E = Time spent auto-exploring this place.
 F = Levels seen in this place.
 G = Mean time per level.
                   A        B        C        D        E       F      G
               +--------+--------+--------+--------+--------+-----+--------+
         Total |   3832 |   3694 |    138 |    454 |   2527 |   5 |  766.4 |
       Dungeon |   3832 |   3694 |    138 |    454 |   2527 |   5 |  766.4 |
               +--------+--------+--------+--------+--------+-----+--------+

Top non-repeatable levels by time:
     D:2: 1460 daAuts
     D:1: 1327 daAuts
     D:3: 847 daAuts
     D:4: 177 daAuts
     D:5: 20 daAuts

Table legend:
 A = Non-vault XP
 B = Vault XP
 C = Vault XP percentage of total XP
 D = Non-vault monster count
 E = Vault monster count
 F = Vault count percentage of total count
                 A         B        C        D         E       F
            +---------+---------+-------+---------+---------+-------
      Total |     264 |      13 |   4.7 |      79 |       7 |   8.1
            +---------+---------+-------+---------+---------+-------
        D:1 |      41 |       0 |   0.0 |      26 |       0 |   0.0
        D:2 |     107 |      13 |  10.8 |      30 |       7 |  18.9
        D:3 |      44 |       0 |   0.0 |      14 |       0 |   0.0
        D:4 |      69 |       0 |   0.0 |       8 |       0 |   0.0
        D:5 |       3 |       0 |   0.0 |       1 |       0 |   0.0
            +---------+---------+-------+---------+---------+-------
